 Dungeon Crawl Stone Soup version 0.30.0-29-ga12c61a403 (webtiles) character file.

Game seed: 16406565454842197334

4678 ces the Skirmisher (level 10, -1/41 HPs)
             Began as a Spriggan Hunter on June 26, 2023.
             Was a Follower of the Shining One.
             Slain by a killer bee (9 damage)
             ... on level 9 of the Dungeon.
             The game lasted 00:23:50 (9587 turns).

ces the Skirmisher (Spriggan Hunter)                Turns: 9587, Time: 00:23:50

Health: -1/41      AC:  3    Str:  9    XL:     10   Next: 21%
Magic:  23/23      EV: 24    Int: 11    God:    the Shining One [*.....]
Gold:   448        SH:  0    Dex: 26    Spells: 9/9 levels left

rFire   + . .        a - +1 shortbow
rCold   x . .        (shield currently unavailable)
rNeg    + . .        d - +1 robe {Will+}
rPois   .            (helmet restricted)
rElec   .            (no cloak)
rCorr   .            (gloves unavailable)
SInv    +            (boots unavailable)
Will    +....        r - amulet of faith
Stlth   +            o - ring of Penk {Fire rN+ Will- Str+2 Dex+3}
HPRegen 0.26/turn    g - ring of magical power
MPRegen 0.18/turn

%: faith
@: glowing, very quick
A: very small, no large weapons, unfitting armour, see invisible, speed 3, frail
1, passive freeze
a: Renounce Religion, Divine Shield


You were on level 9 of the Dungeon.
You worshipped the Shining One.
The Shining One was aware of your devotion.
You visited 2 branches of the dungeon, and saw 10 of its levels.
You also visited: Sewer.

You collected 551 gold pieces.
You spent 103 gold pieces at shops.

Inventory:

Hand Weapons
 a - a +1 shortbow (weapon)
Armour
 c - a +0 robe
 d - a +1 robe of willpower (worn)
Jewellery
 g - a ring of magical power (right hand)
 o - the ring of Penk (left hand) {Fire rN+ Will- Str+2 Dex+3}
   (You found it on level 3 of the Dungeon)

   [ring of fire]

   It enhances your fire magic.
   Str:       It affects your strength (+2).
   Dex:       It affects your dexterity (+3).
   rF:        It protects you from fire.
   rC:        It makes you vulnerable to cold.
   rN:        It protects you from negative energy.
   Will:      It decreases your willpower.
 r - an amulet of faith (around neck)
Wands
 p - a wand of mindburst (16)
 q - a wand of flame (10)
Scrolls
 b - 3 scrolls of immolation
 f - 2 scrolls of vulnerability
 h - 5 scrolls of teleportation
 m - a scroll of fear
 n - 3 scrolls of blinking
 s - a scroll of amnesia
 v - 7 scrolls of identify
 w - a scroll of magic mapping
 y - a scroll of enchant armour {unknown}
Potions
 e - 5 potions of curing
 i - a potion of lignification
 j - a potion of mutation
 k - a potion of flight {unknown}
 l - a potion of haste
 t - 2 potions of heal wounds {unknown}
 u - 2 potions of resistance {unknown}
 x - a potion of magic {unknown}
 z - a potion of might {unknown}
 A - a potion of brilliance {unknown}


   Skills:
 - Level 1.5 Fighting
 * Level 13.9 Ranged Weapons
 * Level 6.7 Dodging
 + Level 1.6 Stealth
 - Level 0.2 Unarmed Combat
 * Level 4.1 Invocations


You had 9 spell levels left.
You didn't know any spells.
Your spell library contained the following spells:

 Spells                   Type           Power      Damage    Failure   Level
 Summon Small Mammal      Summ           0%         N/A       34%         1
 Cigotuvi's Dreadful Rot  Necr/Pois/Air  0%         N/A       47%         2
 Ensorcelled Hibernation  Hex/Ice        0%         N/A       47%         2
 Poisonous Vapours        Pois/Air       0%         N/A       47%         2
 Call Canine Familiar     Summ           0%         N/A       71%         3
 Ignite Poison            Fire/Tmut/Pois 0%         N/A       71%         3
 Mephitic Cloud           Conj/Pois/Air  0%         N/A       71%         3
 Spider Form              Tmut/Pois      0%         N/A       71%         3
 Summon Guardian Golem    Hex/Summ       0%         N/A       71%         3
 Anguish                  Hex/Necr       0%         N/A       98%         4
 Freezing Cloud           Conj/Ice/Air   0%         6-21      100%        5


Dungeon Overview and Level Annotations

Branches:
Dungeon (9/15)             Temple (1/1) D:5           Sewer (visited)
   Lair: D:8-11         Orc: D:9-12

Altars:
Ashenzari
Cheibriados
Dithmenos
Elyvilon
Fedhas
Hepliaklqana
Kikubaaqudgha
Makhleb
Nemelex Xobeh
Qazlal
Ru
Sif Muna
Uskayaw
Vehumet
Wu Jian
Yredelemnul
Zin
The Shining One

Shops:
D:4 [

Annotations:
D:4 3 runed translucent doors, LustLizard's ghost, amateur GrEE


Innate Abilities, Weirdness & Mutations

You are very small and have problems with some larger weapons.
You are too small for most types of armour.
You have supernaturally acute eyesight. (SInv)
You cover ground extremely quickly. (Speed+++)
You are frail. (-10% HP)
A frigid envelope surrounds you and freezes all who hurt you.


Message History

The yak is almost dead.
The yak gores you!
The yak is very cold.
You kill the yak!
You shoot an arrow. The killer bee buzzes angrily.
The arrow hits the yak!
The yak is heavily wounded.
You hear a shout!
The killer bee buzzes angrily.
An orc priest comes into view. It is wielding a +0 mace.
Found a gold wand.
The orc priest looks braver for a moment.
An orc priest comes into view. It is wielding a +0 club.
There is a stone staircase leading down here.
The killer bee attacks as you move away!
The killer bee stings you.
You are poisoned.
The killer bee poisons you!
The killer bee is very cold.
The killer bee is heavily wounded.
You feel sick.
You feel sick.
The killer bee attacks as you move away!
The killer bee closely misses you.
The orc priest calls down the wrath of Beogh upon you.
Beogh smites you!
The killer bee attacks as you move away!
The killer bee misses you.
You feel sick.
You feel sick. The killer bee misses you.
The killer bee attacks as you move away!
The killer bee closely misses you.
You feel sick.
You feel sick.
You are no longer poisoned.
The killer bee attacks as you move away!
The killer bee stings you!
* * * LOW HITPOINT WARNING * * *
The killer bee misses you.
The killer bee attacks as you move away!
The killer bee stings you!
You die...

#####.##....######
#....Y#.....#.....
###'#####.....#.Y...'......
y..........(..#.....#......
#y............'.....##.....
#<............#.....# .....
#......##.....##y...#
...Y.##
#########.....##y...#
.......
'...............@...#


YY..... #...................# ...Y... #...>...............# Y..(.
##.....###....####..# ...# ##.....###########..###..=##
...........................# ..........Y...Y............#
................[..........# ############################ You could see a yak
and 2 killer bees.

Vanquished Creatures
  Gastronok (D:8)
  3 yaks (D:9)
  A wyvern (D:8)
  Duvessa (D:7)
  A water moccasin (D:8)
  A black bear (D:3)
  An orc warrior (D:6)
  An ice beast (D:6)
  2 centaurs
  An ogre (D:4)
  A phantom (D:4)
  2 gnoll sergeants (D:7)
  4 bullfrogs
  5 scorpions
  Dowan (D:7)
  5 killer bees (D:9)
  3 howler monkeys
  2 jellies
  2 gnoll boudas
  4 orc priests
  2 hounds
  A centaur skeleton (D:4)
  An iguana (D:6)
  2 sleepcaps (D:5)
  6 orc wizards
  A scorpion zombie (D:4)
  Terence (D:2)
  Robin (D:3)
  24 gnolls
  A howler monkey zombie (D:4)
  6 adders
  A shadow imp (D:5)
  A white imp (D:7)
  2 ufetubi (D:5)
  2 adder zombies (D:4)
  A worm (D:4)
  21 orcs
  3 bats
  14 endoplasms
  12 giant cockroaches
  17 goblins
  14 hobgoblins
  6 jackals
  11 quokkas
  19 ball pythons
  19 frilled lizards
  10 kobolds
  12 rats
253 creatures vanquished.

Notes
Turn   | Place    | Note
-------+----------+-------------------------------------------
     0 | D:1      | ces the Spriggan Hunter began the quest for the Orb.
     0 | D:1      | Reached XP level 1. HP: 10/10 MP: 2/2
   183 | D:1      | Reached XP level 2. HP: 14/14 MP: 3/3
   630 | D:2      | Reached skill level 5 in Ranged Weapons
   675 | D:2      | Reached XP level 3. HP: 18/18 MP: 4/4
   755 | D:2      | Found a faded altar of an unknown god.
   774 | D:2      | Noticed Terence
   778 | D:2      | Killed Terence
   821 | D:2      | Reached XP level 4. HP: 22/22 MP: 5/5
  1180 | D:3      | Noticed a black bear
  1206 | D:3      | Killed a black bear
  1207 | D:3      | Reached skill level 6 in Ranged Weapons
  1207 | D:3      | Reached XP level 5. HP: 25/25 MP: 6/6
  1303 | D:3      | Identified the ring of Penk {Fire rN+ Will- Str+2 Dex+3}
  1325 | D:3      | Found a hazy altar of Hepliaklqana.
  1531 | D:3      | Found a hide-covered altar of Uskayaw.
  1893 | D:4      | Noticed Robin
  1995 | D:4      | Noticed an ogre
  2013 | D:4      | Reached skill level 7 in Ranged Weapons
  2282 | D:4      | Found a runed translucent gate.
  2282 | D:4      | Found a runed translucent gate.
  2282 | D:4      | Found a runed translucent gate.
  2320 | D:3      | Gained mutation: You are frail. (-10% HP) [potion of
                  | mutation]
  2320 | D:3      | Gained mutation: A frigid envelope surrounds you and
                  | freezes all who hurt you. [potion of mutation]
  2327 | D:3      | Reached XP level 6. HP: 18/27 MP: 7/7
  2625 | D:4      | Found a transporter.
  2629 | D:4      | Found Meareq's Antique Armour Shop.
  2631 | D:4      | Found a transporter.
  2636 | D:4      | Bought a runed robe for 103 gold pieces
  3005 | D:4      | Noticed LustLizard's ghost (amateur GrEE)
  3022 | D:4      | Reached skill level 8 in Ranged Weapons
  3263 | D:4      | Reached XP level 7. HP: 24/29 MP: 8/8
  3350 | D:4      | Found an ornate altar of the Wu Jian Council.
  3359 | D:4      | Found a glowing silver altar of Zin.
  3396 | D:4      | Reached skill level 9 in Ranged Weapons
  3500 | D:3      | Killed Robin
  3739 | D:5      | Entered Level 5 of the Dungeon
  3860 | D:5      | Found a glowing golden altar of the Shining One.
  4214 | D:5      | Reached skill level 10 in Ranged Weapons
  4214 | D:5      | Reached XP level 8. HP: 18/33 MP: 9/9
  4832 | D:5      | Found a staircase to the Ecumenical Temple.
  4853 | Temple   | Entered the Ecumenical Temple
  5100 | D:5      | Became a worshipper of the Shining One
  5485 | D:6      | Found a glowing drain.
  5501 | Sewer    | Entered a sewer
  6100 | D:6      | Reached skill level 11 in Ranged Weapons
  6717 | D:7      | Found a blossoming altar of Fedhas.
  7137 | D:6      | Reached skill level 1 in Invocations
  7412 | D:7      | Noticed Duvessa
  7412 | D:7      | Noticed Dowan
  7494 | D:7      | Killed Duvessa
  7495 | D:7      | Reached XP level 9. HP: 35/36 MP: 11/11
  7550 | D:7      | Found a burning altar of Makhleb.
  7556 | D:7      | Reached * piety under the Shining One
  7609 | D:7      | Reached skill level 5 in Dodging
  7615 | D:7      | Reached skill level 12 in Ranged Weapons
  7641 | D:7      | Killed Dowan
  8283 | D:8      | Noticed Gastronok
  8330 | D:8      | Killed Gastronok
  8331 | D:8      | Reached skill level 13 in Ranged Weapons
  8550 | D:8      | Reached XP level 10. HP: 41/41 MP: 13/13
  9354 | D:9      | Noticed a deep elf pyromancer
  9587 | D:9      | Slain by a killer bee

Illustrated notes

Levels and vault maps discovered:
D:1:      dpeg_arrival_rooms_with_view, layout_loops_ring
D:2:      layout_basic, dreamdust_ecumenical_altar_grove, uniq_terence
D:3:      layout_basic, nicolae_uskayaw_murder_on_the_dancefloor,
          nzn_hepliaklqana_mist_gate
D:4:      layout_cave_pools, mainiacjoe_overflow_swirl, serial_shops,
          nicolae_shop_drivethru, serial_undead, serial_undead_e,
          serial_undead_d, serial_undead_b, serial_undead_f,
          gammafunk_ghost_icy, minivault_27, minmay_bent, uniq_robin
D:5:      layout_gridville, mainiacjoe_overflow_alcove_4,
          minmay_temple_entry_overgrown, serial_bayou_lake_a
D:6:      layout_rooms, gup_sewer_entry_pipe
D:7:      layout_basic, mainiacjoe_overflow_alcove_2, lemuel_tele_altar,
          nicolae_grassy_gnolls, uniq_duvessa
D:8:      layout_rooms, uniq_gastronok
D:9:      layout_gridville, trog_wizard, erik_orc_2, enter_bailey_5,
          lightli_corner_chamber
Temple:   bh_familiar_temple

Skill      XL: |  1  2  3  4  5  6  7  8  9 10 |
---------------+-------------------------------+-----
Ranged Weapons | 5 6 7 8 10 11 13 | 13.9
Dodging        | 4 6 |  6.7
Invocations    | 1 3 4 |  4.1
Fighting       | |  1.5
Stealth        | |  1.6
Unarmed Combat | |  0.2

Action                     |  1- 3 |  4- 6 |  7- 9 | 10-12 || total
---------------------------+-------+-------+-------+-------++-------
  Melee: Unarmed           |       |     3 |       |       ||     3
   Fire: Shortbow          |   102 |   144 |   472 |    62 ||   780
    Use: Potion            |       |     4 |     2 |       ||     6
         Scroll            |       |     8 |     4 |     1 ||    13
 Armour: Robe              |     6 |     7 |    11 |     2 ||    26
         Skin              |       |     3 |     1 |       ||     4
  Dodge: Dodged            |    20 |    66 |   107 |    54 ||   247
